 Dungeon Crawl Stone Soup version 0.25.1-4-g9407a263a5 (webtiles) character file.

Game seed: 2739182460399671883

32 Clowwww the Ducker (level 3, -3/27 HPs)
             Began as a Demonspawn Gladiator on Nov 28, 2020.
             Slain by Sigmund
             ... wielding a +0 scythe
              (5 damage)
             ... on level 2 of the Dungeon.
             The game lasted 00:03:11 (1655 turns).

Clowwww the Ducker (Demonspawn Gladiator)           Turns: 1655, Time: 00:03:12

Health: -3/27      AC:  4    Str: 15    XL:     3   Next: 8%
Magic:  3/3        EV: 13    Int:  9    God:
Gold:   78         SH:  0    Dex: 14    Spells: 2/2 levels left

rFire    . . .     SeeInvis .   a - +0 war axe
rCold    . . .     Gourm    .   (no shield)
rNeg     . . .     Faith    .   b - +0 leather armour
rPois    .         Spirit   .   c - +0 helmet
rElec    .         Reflect  .   (no cloak)
rCorr    .         Harm     .   (no gloves)
MR       .....                  (no boots)
Stlth    +.........             (no amulet)
HPRegen  0.09/turn              (no ring)
MPRegen  0.08/turn              (no ring)

@: no status effects
A: powered by pain 1
a: no special abilities


You were on level 2 of the Dungeon.
You were not hungry.

You visited 1 branch of the dungeon, and saw 2 of its levels.

You collected 78 gold pieces.

Inventory:

Hand Weapons
 a - a +0 war axe (weapon)
Armour
 b - a +0 leather armour (worn)
 c - a +0 helmet (worn)
Scrolls
 h - a scroll of identify {unknown}
 j - a scroll of amnesia {unknown}
 k - a scroll of teleportation {unknown}
Potions
 e - a potion of might {unknown}
 g - a potion of brilliance {unknown}
 i - a potion of curing {unknown}
 m - a potion of magic {unknown}
Comestibles
 f - 3 rations
 l - 3 chunks of flesh


   Skills:
 + Level 2.3 Fighting
 + Level 3.1 Axes
 + Level 1.8 Throwing
 + Level 0.6 Armour
 + Level 3.1 Dodging


You had 2 spell levels left.
You didn't know any spells.
Your spell library was empty.

Dungeon Overview and Level Annotations

Branches:
Dungeon (2/15)

Altars:
Gozag
Xom

Annotations:
D:2 Sigmund


Innate Abilities, Weirdness & Mutations

You sometimes gain a little power by taking damage.


Message History

Sigmund gestures wildly while chanting.
Sigmund flickers and vanishes!
Deactivating autopickup; reactivate with Ctrl-A.
You bump into the rock wall.
Something hits you but does no damage. Something hits you.
You're too confused to move!
Something hits you!
* * * LOW HITPOINT WARNING * * *
You completely miss something. Something hits you but does no damage.
You bump into the rock wall.
Something hits you!
* * * LOW HITPOINT WARNING * * *
Throwing (i - inventory)
d - 2 throwing nets (quivered)
Press: ? - help, Shift-Dir - straight line You throw a throwing net.
Throwing (i - inventory)
d - a throwing net (quivered)
Press: ? - help, Shift-Dir - straight line You throw a throwing net.
Something barely misses you.
You bump into the rock wall.
You feel less confused. Something hits you.
You die...

#.##.# #######.#
#.#...###.......#
###..#.#.##.#######
............#
....)#.#.####
#..(## ##.## ##.
##.## .....#.@{####
#..........#
###.#...##.#
#.##.## .. . ..# ##
## ####


There were no monsters in sight!

Vanquished Creatures
  A worm (D:2)
  A dart slug (D:2)
  A leopard gecko (D:2)
  3 giant cockroaches
  4 goblins
  A hobgoblin (D:1)
  2 bats (D:1)
  8 kobolds
  4 rats
25 creatures vanquished.

Notes
Turn   | Place    | Note
-------+----------+-------------------------------------------
     0 | D:1      | Clowwww the Demonspawn Gladiator began the quest for the
                  | Orb.
     0 | D:1      | Reached XP level 1. HP: 16/16 MP: 1/1
   351 | D:1      | Gained mutation: You sometimes gain a little power by
                  | taking damage. [demonic ancestry]
   351 | D:1      | Reached XP level 2. HP: 22/22 MP: 2/2
  1227 | D:2      | Found a shimmering altar of Xom.
  1227 | D:2      | Found an opulent altar of Gozag.
  1471 | D:2      | Reached XP level 3. HP: 24/27 MP: 3/3
  1634 | D:2      | Noticed Sigmund
  1652 | D:2      | HP: 1/27 [something (7)]
  1655 | D:2      | Slain by Sigmund

Illustrated notes

Levels and vault maps discovered:
D:1:      eino_arrival_cavern_d, layout_basic
D:2:      layout_loops_ring, gammafunk_temple_overflow_elements,
          lemuel_crystal_altar, old_standard_altar, lemuel_doored_altar,
          uniq_terence, uniq_sigmund

Skill      XL: |  1  2 |
---------------+-------+-----
Dodging        | 3 |  3.1
Axes           | 3 |  3.1
Fighting       | |  2.3
Throwing       | |  1.8
Armour         | |  0.6

Action                   || total
-------------------------++-------
Melee: War axe           ||    89
Throw: Throwing net      ||     3
 Stab: Sleeping          ||     1
       Held in net/web   ||     1
  Eat: Chunk             ||     2
Armor: Leather armour    ||    35
Dodge: Dodged            ||    68
